AoeStats
← scas

Nomad

505996857Analyzed
4v4 RM · 21d ago on Sep 12, 2026· 31m 59s· 8 players
Game mode
Random Map
Map size
231×231
Population
200
Speed
Normal
Resources
Standard
Victory
Conquest
Starting age
Dark Age
Ending age
Imperial Age
RankedLock teamsTeams togetherTeam positionsShared explorationLock speedFull tech treeHidden civsTurbo modeCheats
Victory
Defeat
🇺🇸 Persians · United States
1509
+12
🇮🇳 Italians · India
1503
+12
🇵🇱 Teutons · Poland
1473
+13
🇦🇷 Mongols · Argentina
1379
+16
🇲🇽 Georgians · Mexico
1428
-14
🇺🇸 Franks · United States
1427
-14
🇺🇸 Koreans · United States
1421
-14
🇬🇧 Berbers · United Kingdom
1346
-11
jcboevey
12:12 Feudal Age
12:32 Loom
12:39 Double-Bit Axe
18:57 Castle Age
17:04 Fletching
20:10 Bow Saw
20:30 Medium Warships
24:19 Horse Collar
31:31 Wheelbarrow
31:41 Heavy Plow
32:27 Bodkin Arrow
TheFireKnight
5:27 Loom
13:50 Feudal Age
14:34 Town Watch
18:04 Castle Age
16:16 Double-Bit Axe
18:29 Stone Mining
18:34 Gold Mining
19:16 Bow Saw
19:54 Wheelbarrow
21:11 Stone Shaft Mining
22:47 Horse Collar
28:08 Imperial Age
26:30 Fletching
28:51 Bodkin Arrow
cmfabian
6:40 Loom
13:43 Feudal Age
18:10 Castle Age
16:51 Forging
16:47 Scale Barding Armor
17:07 Double-Bit Axe
19:09 Bow Saw
19:46 Iron Casting
22:29 Town Watch
23:21 Wheelbarrow
26:17 Town Watch
scas
5:12 Loom
13:16 Feudal Age
32:41 Castle Age
AlDebaran
3:31 Loom
13:07 Feudal Age
14:20 Wheelbarrow
24:48 Castle Age
23:04 Fletching
29:58 Scale Barding Armor
31:09 Forging
__wArDadDy
3:30 Loom
13:06 Feudal Age
17:38 Castle Age
16:26 Double-Bit Axe
16:33 Horse Collar
19:01 Bow Saw
18:43 Fletching
20:16 Town Watch
24:46 Bodkin Arrow
29:30 Wheelbarrow
33:42 Imperial Age
31:59 Gold Mining
31:59 Stone Mining
32:31 Padded Archer Armor
felixaleman1010
4:21 Loom
14:28 Feudal Age
15:36 Double-Bit Axe
17:39 Forging
18:41 Fletching
30:34 Castle Age
28:34 Fletching
28:50 Scale Barding Armor
28:46 Padded Archer Armor
30:34 Gold Mining
31:26 Bodkin Arrow
31:48 Leather Archer Armor
32:15 Wheelbarrow
31:41 Stone Mining
32:28 Gold Shaft Mining
32:35 Gold Shaft Mining
u
10:38 Loom
13:01 Feudal Age
16:53 Castle Age
14:57 Double-Bit Axe
15:25 Horse Collar
16:21 Town Watch
17:53 Bow Saw
18:29 Heavy Plow
22:31 Pikeman
28:24 Fletching
30:24 Wheelbarrow
33:26 Imperial Age
32:09 Ballistics
31:45 Bodkin Arrow
32:43 Hand Cart
Connection lost

Rejoining the realm…

Still unreachable

The connection could not be restored.

Session expired

The server has moved on; the page needs a fresh start.